 Dungeon Crawl Stone Soup version 0.31-a0-234-gad7ace16ef (webtiles) character file.

Game seed: 5744939804204793418

53 qw the Shooter (level 3, -2/29 HPs)
             Began as a Minotaur Hexslinger on July 9, 2023.
             Killed from afar by Natasha (4 damage)
             ... with a magic dart
             ... on level 2 of the Dungeon.
             The game lasted 00:00:32 (1109 turns).

qw the Shooter (Minotaur Hexslinger)                Turns: 1109, Time: 00:00:32

Health: -2/29      AC:  6    Str: 12    XL:     3   Next: 62%
Magic:  3/3        EV: 11    Int: 10    God:
Gold:   44         SH:  0    Dex: 14    Spells: 3/4 levels left

rFire   . . .        Y - +1 sling
rCold   . . .        (no shield)
rNeg    . . .        e - +0 ring mail
rPois   .            (helmet restricted)
rElec   .            b - +0 cloak
rCorr   .            (no gloves)
SInv    .            (no boots)
Will    .....        (no amulet)
Stlth   +            (no ring)
HPRegen 0.24/turn    (no ring)
MPRegen 0.08/turn

%: no passive effects
@: no status effects
A: horns 2, retaliatory headbutt
a: no special abilities


You were on level 2 of the Dungeon.
You visited 1 branch of the dungeon, and saw 4 of its levels.

You collected 44 gold pieces.


Innate Abilities, Weirdness & Mutations

You have a pair of horns on your head.
You reflexively headbutt those who attack you in melee.


   Skills:
 - Level 2.0 Fighting
 + Level 4.0 Ranged Weapons
 - Level 1.0 Armour
 - Level 2.1 Dodging
 - Level 1.0 Spellcasting
 - Level 2.0 Hexes


You had 3 spell levels left.
You knew the following spells:

 Your Spells              Type           Power      Damage    Failure   Level
a - Slow                  Hex            16%        N/A       34%         1

Your spell library contained the following spells:

 Spells                   Type           Power      Damage    Failure   Level
 Inner Flame              Hex/Fire       2%         N/A       83%         3
 Portal Projectile        Hex/Tloc       4%         N/A       83%         3
 Cause Fear               Hex            2%         N/A       98%         4

Inventory:

Hand Weapons
 Y - a +1 sling (weapon)
Armour
 b - a +0 cloak (worn)
 e - a +0 ring mail (worn)
Scrolls
 a - a scroll of identify
Potions
 c - a potion of might {unknown}
 d - a potion of brilliance {unknown}

Dungeon Overview and Level Annotations

Branches:
Dungeon (4/15)
 Temple: D:4-7

Altars:

Shops:
D:1 (

Annotations:
D:2 Natasha


Message History

You now have 29 gold pieces (gained 1).
You now have 44 gold pieces (gained 15).
Natasha, Servant of Life and Death comes into view.
Natasha hisses angrily.
Enter note:
Enter note:
Enter note:
Enter note:
Enter note:
Enter note: You shoot a sling bullet.
The sling bullet completely misses Natasha.
Natasha claws you.
You shoot a sling bullet.
The sling bullet hits Natasha but does no damage.
Natasha mumbles some strange words.
You feel disoriented. Natasha casts a spell at you. The magic dart hits you.
You shoot a sling bullet.
The sling bullet closely misses Natasha.
Natasha barely misses you. Natasha casts a spell at you.
You resist with significant effort.
You shoot a sling bullet.
The sling bullet closely misses Natasha.
Natasha claws you but does no damage.
You shoot a sling bullet. The sling bullet hits Natasha.
Natasha is moderately wounded.
Natasha claws you!
You shoot a sling bullet. The sling bullet hits Natasha.
Natasha is severely wounded.
Natasha casts a spell at you. The magic dart hits you!
You shoot a sling bullet. The sling bullet hits Natasha.
Natasha is almost dead.
Natasha claws you! Natasha casts a spell at you. The magic dart hits you.
You die...

#.#..##.#
#.#.###.#
##.#.###.#
#........#
#......###
#......#
#......#
#......#
###@####
## #h#
#.#####.
.?.
#.......
.....
##....
.##.##.
.###.##.
#. #.. .#
........ .
/.# #
........ #
#.#
#.##....
##.######


You could see Natasha.

Vanquished Creatures
  2 dart slugs (D:1)
  5 ball pythons
  4 bats
  7 endoplasms
  4 goblins
  4 hobgoblins
  3 jackals
  A quokka (D:1)
  4 frilled lizards
  5 kobolds (D:1)
  4 rats
43 creatures vanquished.

Notes
Turn   | Place    | Note
-------+----------+-------------------------------------------
     0 | D:1      | qw the Minotaur Hexslinger began the quest for the Orb.
     0 | D:1      | Reached XP level 1. HP: 16/16 MP: 1/1
     0 | D:1      | 0 ||| qw: Version: 0.3-a-51-g015441d
     0 | D:1      | 0 ||| qw: Game counter: 4211
     0 | D:1      | 0 ||| qw: Melee chars always use a shield: true
     0 | D:1      | 0 ||| qw: God list: Okawaru
     0 | D:1      | 0 ||| qw: Allow faded altars: false
     0 | D:1      | 0 ||| qw: Do Orc after clearing Dungeon:15 true
     0 | D:1      | 0 ||| qw: Do second Lair branch before Depths: true
     0 | D:1      | 0 ||| qw: Lair rune preference: random
     0 | D:1      | 0 ||| qw: Goals: Normal
     0 | D:1      | 0 ||| PLANNING D:1-11
    89 | D:1      | 89 ||| Stepping ~*~*~tactically~*~*~ (outnumbered).
    95 | D:1      | Reached skill level 3 in Ranged Weapons
    95 | D:1      | Reached XP level 2. HP: 15/23 MP: 2/2
    96 | D:1      | 96 ||| FLEEEEING.
   103 | D:1      | 103 ||| FLEEEEING.
   293 | D:1      | 293 ||| Stepping ~*~*~tactically~*~*~ (outnumbered).
   521 | D:1      | Reached XP level 3. HP: 29/29 MP: 3/3
   532 | D:1      | Found Cyelu's Antique Weapon Boutique.
   702 | D:1      | 702 ||| UPGRADING to +0 ring mail.
   712 | D:1      | 712 ||| DROPPING +0 robe.
   713 | D:1      | 713 ||| READING 2 scrolls labelled RUNIRAKEKH.
   714 | D:1      | 714 ||| READING scroll labelled UDEALU SUORONI.
   715 | D:1      | 715 ||| DROPPING scroll of poison.
   734 | D:2      | You fall into a shaft and drop 2 floors!
   752 | D:4      | 752 ||| FLEEEEING.
   753 | D:4      | 753 ||| STAIRDANCE
   912 | D:3      | 912 ||| UPGRADING to +0 cloak.
   935 | D:2      | Reached skill level 4 in Ranged Weapons
   995 | D:2      | Reached skill level 1 in Armour
  1102 | D:2      | Noticed Natasha
  1109 | D:2      | HP: 2/29 [Natasha (7)]
  1109 | D:2      | Killed from afar by Natasha

Levels and vault maps discovered:
D:1:      lightli_arrival_statue_moat, layout_loops_cross, serial_shops,
          nicolae_shop_overgrown_old_shop
D:2:      layout_loops_cross, basic_altar, minmay_surrounded, uniq_natasha
D:3:      layout_loops_corners, nrook_uturn, minivault_19, serial_bayou_pond_c,
          chequers_arboretum, minmay_statues_item, dk_noncrumbling_3,
          minmay_misc_feat_iff
D:4:      layout_basic

Skill      XL: |  1  2  3 |
---------------+----------+-----
Ranged Weapons | 3 4 |  4.0
Fighting       | 2 |  2.0
Armour         | 1 |  1.0
Dodging        | |  2.1
Spellcasting   | |  1.0
Hexes          | |  2.0

Action                     || total
---------------------------++-------
   Fire: Sling             ||   122
    Use: Scroll            ||     2
 Armour: Robe              ||     3
         Ring mail         ||     6
  Dodge: Dodged            ||    22

Table legend:
 A = Non-vault XP
 B = Vault XP
 C = Vault XP percentage of total XP
 D = Non-vault monster count
 E = Vault monster count
 F = Vault count percentage of total count
                 A         B        C        D         E       F
            +---------+---------+-------+---------+---------+-------
      Total |      68 |       8 |  10.5 |      39 |       4 |   9.3
            +---------+---------+-------+---------+---------+-------
        D:1 |      44 |       0 |   0.0 |      24 |       0 |   0.0
        D:2 |      12 |       8 |  40.0 |       8 |       4 |  33.3
        D:3 |      10 |       0 |   0.0 |       6 |       0 |   0.0
        D:4 |       2 |       0 |   0.0 |       1 |       0 |   0.0
            +---------+---------+-------+---------+---------+-------
